NWL (28 & UNDER)
CULVER CITY EXTRAS @ RED DEER WRANGLERS
09/19/2030
 
TOP OF THE 1ST
Culver City Extras batting - Pitching for Red Deer Wranglers : RHP Daniel De Jesús
Pitching: RHP Daniel De Jesús
Batting: RHB Jamie Swyers 0-0: Ball
1-0: SINGLE (Line Drive, 56D)
Batting: LHB Martín Garza 0-0: Swinging Strike
Pickoff Throw to First - Out!
0-1: Ball
1-1: Swinging Strike
1-2: Foul Ball, location: 2F
1-2: Ball
2-2: Foul Ball, location: 2F
2-2: Foul Ball, location: 2F
2-2: Foul Ball, location: 2F
2-2: Ball
3-2: Foul Ball, location: 2F
3-2: SINGLE (Groundball, 4D)
Batting: LHB Iván Espinosa 0-0: Ball
1-0: Called Strike
1-1: Ball
2-1: Foul Ball, location: 2F
2-2: Foul Ball, location: 2F
2-2: Fly out, F3 (Popup, 34S)
Batting: RHB Pat Simms 0-0: Ball
1-0: Ball
2-0: Called Strike
2-1: Called Strike
2-2: Ball
3-2: Base on Balls
Martín Garza to second
Batting: RHB Marcos Liñares 0-0: Called Strike
0-1: Swinging Strike
0-2: Strikes out swinging
Top of the 1st over - 0 runs, 2 hits, 0 errors, 2 left on base; Culver City 0 - Red Deer 0
BOTTOM OF THE 1ST
Red Deer Wranglers batting - Pitching for Culver City Extras : LHP Dalton Hayes
Pitching: LHP Dalton Hayes
Batting: RHB Art Cameron 0-0: Called Strike
0-1: Swinging Strike
0-2: Ball
1-2: Strikes out swinging
Batting: LHB Francisco Blanco 0-0: Foul Ball, location: 2F
0-1: Called Strike
0-2: Ball
1-2: Ball
2-2: Ground out 3-1 (Groundball, 34)
Batting: RHB Ben Fisher 0-0: Ball
1-0: Ball
2-0: Called Strike
2-1: Ball
3-1: Fly out, F9 (Line Drive, 9S)
Bottom of the 1st over - 0 runs, 0 hits, 0 errors, 0 left on base; Culver City 0 - Red Deer 0
TOP OF THE 2ND
Culver City Extras batting - Pitching for Red Deer Wranglers : RHP Daniel De Jesús
Batting: RHB John Stevens 0-0: Swinging Strike
0-1: Ball
1-1: Swinging Strike
1-2: Strikes out swinging
Batting: RHB Jesús Herrera 0-0: Ball
1-0: Ball
2-0: SINGLE (Groundball, 34D)
Batting: RHB Robert Sipple 0-0: Called Strike
0-1: Foul Ball, location: 2F
0-2: SINGLE (Line Drive, 6MD)
Jesús Herrera to second
Batting: SHB Joey Boyd 0-0: Ball
1-0: Ball
2-0: SINGLE (Groundball, 6D)
Jesús Herrera to third
Robert Sipple to second
Batting: RHB Jamie Swyers 0-0: Called Strike
0-1: Ball
1-1: Ball
2-1: Fly out, F4 (Popup, 4)
Batting: LHB Martín Garza 0-0: Ball
1-0: Foul Ball, location: 2F
1-1: Ball
2-1: Ball
3-1: SINGLE (Groundball, 34D)
Jesús Herrera scores
Robert Sipple to third
Joey Boyd to second
Runner from 3rd tries for Home, SAFE, no throw
Batting: LHB Iván Espinosa 0-0: Called Strike
0-1: Foul Ball, location: 2F
0-2: SINGLE (Groundball, 4M) (infield hit)
Joey Boyd to third
Martín Garza to second
Batting: RHB Pat Simms 0-0: Called Strike
0-1: Fly out, F6 (Popup, 6MD)
Top of the 2nd over - 2 runs, 5 hits, 0 errors, 3 left on base; Culver City 2 - Red Deer 0
BOTTOM OF THE 2ND
Red Deer Wranglers batting - Pitching for Culver City Extras : LHP Dalton Hayes
Batting: LHB Jorge Olvera 0-0: Called Strike
0-1: Ball
1-1: Called Strike
1-2: Strikes out swinging
Batting: RHB Allen Brown 0-0: Foul Ball, location: 2F
0-1: Ground out 5-3 (Groundball, 56)
Batting: LHB José Domínguez 0-0: Called Strike
0-1: Foul Ball, location: 2F
0-2: SINGLE (Groundball, 4D)
Batting: SHB Robbie Rhodes 0-0: Ball
1-0: Swinging Strike
1-1: Ball
2-1: SINGLE (Flyball, 8LS)
José Domínguez to second
Runner from 2nd tries for 3rd, SAFE, no throw
Batting: SHB Mathew Olson 0-0: Ball
1-0: Ball
2-0: Ball
3-0: Base on Balls
Robbie Rhodes to second
Batting: RHB Valentín Reyes 0-0: Ball
1-0: Ball
2-0: Ball
3-0: Base on Balls
José Domínguez scores
Robbie Rhodes to third
Mathew Olson to second
Batting: RHB Art Cameron 0-0: Ball
1-0: SINGLE (Line Drive, 34D)
Robbie Rhodes scores
Mathew Olson to third
Valentín Reyes to second
Batting: LHB Francisco Blanco 0-0: Ball
1-0: Ball
2-0: Foul Ball, location: 2F
2-1: SINGLE (Groundball, 56D)
Mathew Olson scores
Valentín Reyes to third
Art Cameron to second
Throwing error, E7
Valentín Reyes scores
Art Cameron to third
Francisco Blanco to second
Batting: RHB Ben Fisher 0-0: Ball
1-0: SINGLE (Groundball, 6MD)
Art Cameron scores
Francisco Blanco to third
Runner from 3rd tries for Home, SAFE, throw made home
Batting: LHB Jorge Olvera 0-0: Fly out, F5 (Popup, 56S)
Bottom of the 2nd over - 6 runs, 5 hits, 1 error, 1 left on base; Culver City 2 - Red Deer 6
TOP OF THE 3RD
Culver City Extras batting - Pitching for Red Deer Wranglers : RHP Daniel De Jesús
Batting: RHB Marcos Liñares 0-0: Ball
1-0: Ground out 1-3 (Groundball, 13S)
Batting: RHB John Stevens 0-0: Called Strike
0-1: Swinging Strike
0-2: Hit by Pitch
Batting: RHB Jesús Herrera 0-0: Called Strike
0-1: Swinging Strike
0-2: Ball
1-2: Strikes out looking
Batting: RHB Robert Sipple 0-0: Ball
1-0: Ball
2-0: Called Strike
2-1: Ball
3-1: SINGLE (Groundball, 34S) (infield hit)
John Stevens to second
Batting: SHB Joey Boyd 0-0: Ball
1-0: Ball
2-0: Called Strike
2-1: Foul Ball, location: 2F
2-2: Fly out, F7 (Flyball, 7LMF)
Top of the 3rd over - 0 runs, 1 hit, 0 errors, 2 left on base; Culver City 2 - Red Deer 6
BOTTOM OF THE 3RD
Red Deer Wranglers batting - Pitching for Culver City Extras : LHP Dalton Hayes
Batting: RHB Allen Brown 0-0: Called Strike
0-1: Fly out, F9 (Flyball, 89M)
Batting: LHB José Domínguez 0-0: Swinging Strike
0-1: Ball
1-1: Swinging Strike
1-2: Ball
2-2: Strikes out swinging
Batting: SHB Robbie Rhodes 0-0: Called Strike
0-1: Called Strike
0-2: Strikes out swinging
Bottom of the 3rd over - 0 runs, 0 hits, 0 errors, 0 left on base; Culver City 2 - Red Deer 6
TOP OF THE 4TH
Culver City Extras batting - Pitching for Red Deer Wranglers : RHP Daniel De Jesús
Batting: RHB Jamie Swyers 0-0: Ball
1-0: Ball
2-0: Called Strike
2-1: Called Strike
2-2: Foul Ball, location: 2F
2-2: Ball
3-2: Foul Ball, location: 2F
3-2: Base on Balls
Batting: LHB Martín Garza 0-0: Ball
Jamie Swyers steals 2nd base
1-0: Ground out 3-1 (Groundball, 2R)
Jamie Swyers to third
Batting: LHB Iván Espinosa 0-0: Called Strike
0-1: Ball
1-1: Ground out U3 (Groundball, 3)
Batting: RHB Pat Simms 0-0: Called Strike
0-1: Foul Ball, location: 2F
0-2: Strikes out looking
Top of the 4th over - 0 runs, 0 hits, 0 errors, 1 left on base; Culver City 2 - Red Deer 6
BOTTOM OF THE 4TH
Red Deer Wranglers batting - Pitching for Culver City Extras : LHP Dalton Hayes
Batting: SHB Mathew Olson 0-0: Called Strike
0-1: Ball
1-1: Foul Ball, location: 2F
1-2: Strikes out swinging
Batting: RHB Valentín Reyes 0-0: Ball
1-0: Called Strike
1-1: Ball
2-1: Swinging Strike
2-2: Strikes out swinging
Batting: RHB Art Cameron 0-0: Called Strike
0-1: Swinging Strike
0-2: Foul Ball, location: 2F
0-2: Foul Ball, location: 2F
0-2: Strikes out swinging
Bottom of the 4th over - 0 runs, 0 hits, 0 errors, 0 left on base; Culver City 2 - Red Deer 6
TOP OF THE 5TH
Culver City Extras batting - Pitching for Red Deer Wranglers : RHP Daniel De Jesús
Batting: RHB Marcos Liñares 0-0: Ball
1-0: Ball
2-0: Foul Ball, location: 2F
2-1: Swinging Strike
2-2: Ball
3-2: Foul Ball, location: 2F
3-2: Strikes out looking
Batting: RHB John Stevens 0-0: Called Strike
0-1: Ball
1-1: Ball
2-1: Ball
3-1: Base on Balls
Batting: RHB Jesús Herrera 0-0: Ball
1-0: Ball
2-0: Ground out 5-3 (Groundball, 56S)
John Stevens to second
Batting: RHB Robert Sipple 0-0: Ball
1-0: Foul Ball, location: 2F
1-1: Ball
2-1: Ball
3-1: Base on Balls
Pitching: RHP Ismael Ramírez
Batting: SHB Joey Boyd 0-0: Called Strike
0-1: Ball
1-1: Ball
2-1: Called Strike
2-2: Foul Ball, location: 2F
2-2: Ball
3-2: Foul Ball, location: 2F
3-2: Strikes out swinging
Top of the 5th over - 0 runs, 0 hits, 0 errors, 2 left on base; Culver City 2 - Red Deer 6
BOTTOM OF THE 5TH
Red Deer Wranglers batting - Pitching for Culver City Extras : LHP Dalton Hayes
Batting: LHB Francisco Blanco 0-0: Called Strike
0-1: Ball
1-1: Ball
2-1: Ball
3-1: Foul Ball, location: 2F
3-2: Reached on error, E5 (Groundball, 5)
Batting: RHB Ben Fisher 0-0: Called Strike
0-1: Foul Ball, location: 2F
0-2: Hit by Pitch
Francisco Blanco to second
Batting: LHB Jorge Olvera 0-0: Ball
1-0: Ball
Francisco Blanco steals 3rd base
2-0: Fly out, F8 (Flyball, 8LM)
Runner from 3rd tags up, SCORES, no throw
Pitching: RHP Mauro Martínez
Batting: RHB Allen Brown 0-0: Ball
1-0: Ball
2-0: Called Strike
2-1: Grounds into double play, 5-4-3 (Groundball, 56)
Bottom of the 5th over - 1 run, 0 hits, 1 error, 0 left on base; Culver City 2 - Red Deer 7
TOP OF THE 6TH
Culver City Extras batting - Pitching for Red Deer Wranglers : RHP Ismael Ramírez
Batting: RHB Jamie Swyers 0-0: Foul Ball, location: 2F
0-1: Swinging Strike
0-2: Strikes out swinging
Batting: LHB Martín Garza 0-0: Ball
1-0: Ball
2-0: Foul Ball, location: 2F
2-1: Called Strike
2-2: Ball
3-2: SINGLE (Line Drive, 9LS)
Batting: LHB Iván Espinosa 0-0: Ball
1-0: Fielders Choice at 2nd, 1-6 (Groundball, 13S)
Batting: RHB Pat Simms 0-0: Foul Ball, location: 2F
0-1: Ball
1-1: Ball
2-1: Called Strike
2-2: Strikes out looking
Top of the 6th over - 0 runs, 1 hit, 0 errors, 1 left on base; Culver City 2 - Red Deer 7
BOTTOM OF THE 6TH
Red Deer Wranglers batting - Pitching for Culver City Extras : RHP Mauro Martínez
Batting: LHB José Domínguez 0-0: Called Strike
0-1: Foul Ball, location: 2F
0-2: Ball
1-2: Ball
2-2: Ball
3-2: Strikes out swinging
Batting: SHB Robbie Rhodes 0-0: Foul Ball, location: 2F
0-1: Ball
1-1: Ball
2-1: Swinging Strike
2-2: Ball
3-2: Foul Ball, location: 2F
3-2: SINGLE (Groundball, 34D)
Batting: SHB Mathew Olson 0-0: Called Strike
0-1: Ball
1-1: Ground out 3-1 (Groundball, 34S)
Robbie Rhodes to second
Batting: RHB Valentín Reyes 0-0: Called Strike
0-1: Ball
1-1: Ball
2-1: TRIPLE (Line Drive, 9D)
Robbie Rhodes scores
Batting: RHB Art Cameron 0-0: Ball
1-0: Foul Ball, location: 2F
1-1: Ball
2-1: Swinging Strike
2-2: Foul Ball, location: 2F
2-2: Ball
3-2: SINGLE (Line Drive, 34D)
Valentín Reyes scores
Batting: LHB Francisco Blanco 0-0: Ball
1-0: Ball
Art Cameron steals 2nd base
2-0: Ball
3-0: Base on Balls
Batting: RHB Ben Fisher 0-0: Ball
1-0: Called Strike
1-1: Ball
2-1: Foul Ball, location: 2F
2-2: Foul Ball, location: 2F
2-2: Ball
3-2: Ground out U3 (Groundball, 34)
Bottom of the 6th over - 2 runs, 3 hits, 0 errors, 2 left on base; Culver City 2 - Red Deer 9
TOP OF THE 7TH
Culver City Extras batting - Pitching for Red Deer Wranglers : RHP Ismael Ramírez
Batting: RHB Marcos Liñares 0-0: Ball
1-0: Swinging Strike
1-1: Fly out, F7 (Flyball, 7)
Batting: RHB John Stevens 0-0: Ball
1-0: Ball
2-0: Called Strike
2-1: Foul Ball, location: 2F
2-2: Ball
3-2: Foul Ball, location: 2F
3-2: Foul Ball, location: 2F
3-2: SINGLE (Flyball, 78S)
Batting: RHB Jesús Herrera 0-0: Ball
1-0: Ball
2-0: Called Strike
2-1: Ball
3-1: Foul Ball, location: 2F
3-2: Fly out, F8 (Flyball, 8RD)
Batting: RHB Robert Sipple 0-0: Called Strike
0-1: Swinging Strike
0-2: Ball
1-2: Foul Ball, location: 2F
1-2: Foul Ball, location: 2F
1-2: Foul Ball, location: 2F
1-2: 2-RUN HOME RUN (Line Drive, 7LD), Distance : 332 ft
Batting: SHB Joey Boyd 0-0: Ball
1-0: Swinging Strike
1-1: Called Strike
1-2: Strikes out swinging
Top of the 7th over - 2 runs, 2 hits, 0 errors, 0 left on base; Culver City 4 - Red Deer 9
BOTTOM OF THE 7TH
Red Deer Wranglers batting - Pitching for Culver City Extras : RHP Mauro Martínez
Pitching: RHP Ernest Jiménez
Batting: LHB Jorge Olvera 0-0: Called Strike
0-1: Foul Ball, location: 2F
0-2: Ball
1-2: Strikes out looking
Batting: RHB Allen Brown 0-0: Called Strike
0-1: Fly out, F8 (Flyball, 78M)
Batting: LHB José Domínguez 0-0: Ball
1-0: Called Strike
1-1: Foul Ball, location: 2F
1-2: Foul Ball, location: 2F
1-2: Ball
2-2: Fly out, F8 (Flyball, 8LM)
Bottom of the 7th over - 0 runs, 0 hits, 0 errors, 0 left on base; Culver City 4 - Red Deer 9
TOP OF THE 8TH
Culver City Extras batting - Pitching for Red Deer Wranglers : RHP Ismael Ramírez
Batting: RHB Jamie Swyers 0-0: Ball
1-0: Ball
2-0: Foul Ball, location: 2F
2-1: Ground out 5-3 (Groundball, 5)
Batting: LHB Martín Garza 0-0: Ball
1-0: Swinging Strike
1-1: Ground out U3 (Groundball, 3)
Batting: LHB Iván Espinosa 0-0: Called Strike
0-1: Ball
1-1: Called Strike
1-2: Strikes out looking
Top of the 8th over - 0 runs, 0 hits, 0 errors, 0 left on base; Culver City 4 - Red Deer 9
BOTTOM OF THE 8TH
Red Deer Wranglers batting - Pitching for Culver City Extras : RHP Ernest Jiménez
Batting: SHB Robbie Rhodes 0-0: Ball
1-0: Ball
2-0: Ball
3-0: Called Strike
3-1: Called Strike
3-2: Base on Balls
Batting: SHB Mathew Olson 0-0: Called Strike
Robbie Rhodes steals 2nd base
0-1: Swinging Strike
0-2: Ball
1-2: Ground out 1-3 (Groundball, 13S)
Robbie Rhodes to third
Batting: RHB Valentín Reyes 0-0: Foul Ball, location: 2F
0-1: Ball
1-1: Ball
2-1: Foul Ball, location: 2F
2-2: Ball
3-2: Strikes out swinging
Batting: RHB Art Cameron 0-0: Ball
1-0: Ball
2-0: Ball
3-0: Called Strike
3-1: Swinging Strike
3-2: Foul Ball, location: 2F
3-2: Base on Balls
Batting: LHB Francisco Blanco 0-0: Ball
1-0: Swinging Strike
1-1: Swinging Strike
1-2: Foul Ball, location: 2F
1-2: Ball
2-2: Ball
3-2: SINGLE (Groundball, 56D)
Robbie Rhodes scores
Art Cameron to second
Art Cameron to third
Batting: RHB Ben Fisher 0-0: Called Strike
0-1: Ball
1-1: Foul Ball, location: 2F
1-2: Strikes out swinging, 2-3 out at first.
Bottom of the 8th over - 1 run, 1 hit, 0 errors, 2 left on base; Culver City 4 - Red Deer 10
TOP OF THE 9TH
Culver City Extras batting - Pitching for Red Deer Wranglers : RHP Ismael Ramírez
Now at SS: Adam Gentry
Batting: RHB Pat Simms 0-0: Called Strike
0-1: Called Strike
0-2: Foul Ball, location: 2F
0-2: Ball
1-2: Ball
2-2: Foul Ball, location: 2F
2-2: Foul Ball, location: 2F
2-2: Fly out, F8 (Flyball, 8RS)
Pitching: LHP Tony Sandoval
Batting: RHB Marcos Liñares 0-0: Ball
1-0: Foul Ball, location: 2F
1-1: Foul Ball, location: 2F
1-2: Fly out, F8 (Flyball, 8LD)
Batting: RHB John Stevens 0-0: Foul Ball, location: 2F
0-1: Fly out, F7 (Flyball, 7)
Top of the 9th over - 0 runs, 0 hits, 0 errors, 0 left on base; Culver City 4 - Red Deer 10
Saturday, April 7th, 2018 - OOTP Baseball 18.8 Build 76